Kelowna Rockets vs Havana Tropicals
Created - Friday, March 29, 2024 at 07:18
Goals
|
| Kelowna Rockets |
2 |
4 |
2 |
8 |
| Havana Tropicals |
0 |
1 |
1 |
2 |
|
Shots
|
| Kelowna Rockets |
6 |
25 |
8 |
39 |
| Havana Tropicals |
6 |
12 |
11 |
29 |
|
1st period
1. Kelowna Rockets , Jacob Perreault 8 (Jack Drury 34) at 19:10
2. Kelowna Rockets , Jacob Perreault 9 (Jack Drury 35, Oskari Laaksonen 5) at 19:57
Penalties :
Elmer Soderblom (HAV) for Fighting (Major) at 1:22, Nicholas Caamano (KEL) for Fighting (Major) at 1:22, Anttoni Honka (KEL) for Holding Stick (Minor) at 15:52
2nd period
3. Kelowna Rockets , Riley Nash 30 (Matias Maccelli 46, Joel Kiviranta 14) at 4:55
4. Kelowna Rockets , Jack Drury 19 (Jacob Perreault 20) at 10:04
5. Kelowna Rockets , Anttoni Honka 6 (Riley Nash 43, Mavrik Bourque 3) at 10:43
6. Havana Tropicals , Zach Aston-Reese 18 (Pierre-edouard Bellemare 29) at 11:43
7. Kelowna Rockets , Jack Drury 20 (Bobby McMann 18, Arvid Holm) at 17:18 (PP)
Penalties :
Alexander Nylander (HAV) for Fighting (Major) at 10:37, Connor Zary (KEL) for Fighting (Major) at 10:37, Samuel Blais (HAV) for Fighting (Major) at 11:18, Jasper Weatherby (KEL) for Fighting (Major) at 11:18, Riley Nash (KEL) for Hooking (Minor) at 11:49, Matt Irwin (HAV) for Hooking (Minor) at 15:57, Matt Irwin (HAV) for Fighting (Major) at 18:07, Roby Jarventie (KEL) for Fighting (Major) at 18:07
3rd period
8. Kelowna Rockets , Jacob Perreault 10 (Jack Drury 36, Bobby McMann 19) at 6:50 (PP)
9. Kelowna Rockets , Connor Zary 6 (Nicholas Caamano 6) at 11:53
10. Havana Tropicals , Elmer Soderblom 10 (Alexander Nylander 9, Pavel Dorofeyev 14) at 17:47
Penalties :
Riley Nash (KEL) for Boarding (Minor) at 0:21, Matt Irwin (HAV) for High sticking (Minor) at 6:42, Oskari Laaksonen (KEL) for Roughing (Minor) at 9:37, Riley Nash (KEL) for Holding (Minor) at 15:37
Goalie Stats
Arvid Holm (KEL), 27 saves from 29 shots - (0.931), W, 13-10-4, 60:00 minutes
Unknown Goalie (HAV), 31 saves from 39 shots - (0.795), L, 0-1-0, 60:00 minutes
Players Stats for Kelowna Rockets
Player Name G A P +/- PIM S H SB GA TA FO MP PP MP PK MP
------------------------------------------------------------------------------------
Anttoni Honka 1 0 1 0 2 5 0 1 0 1 0/0 23:49 0:43 3:27
Bobby McMann 0 2 2 2 0 3 0 0 0 1 0/0 20:18 0:44 4:01
Connor Zary 1 0 1 1 5 2 0 0 0 1 2/4 11:21 0:00 0:00
Eemil Viro 0 0 0 1 0 0 0 0 0 0 0/0 14:17 0:00 0:14
Henri Nikkanen 0 0 0 -1 0 0 0 0 0 0 0/3 2:56 0:00 0:18
Jack Drury 2 3 5 3 0 6 4 1 1 1 5/10 16:19 0:44 0:00
Jacob Perreault 3 1 4 3 0 4 1 0 1 0 0/1 16:19 0:44 0:00
Jasper Weatherby 0 0 0 0 5 0 1 0 0 0 0/1 6:12 0:00 1:30
Joel Kiviranta 0 1 1 1 0 0 5 0 1 0 4/4 18:43 0:45 4:27
Kim Nousiainen 0 0 0 1 0 0 0 3 0 0 0/0 15:49 0:00 1:45
Lucas Johansen 0 0 0 3 0 0 1 2 0 1 0/0 21:17 0:46 5:24
Matias Maccelli 0 1 1 2 0 0 2 0 0 0 0/1 23:01 0:45 4:57
Mavrik Bourque 0 1 1 1 0 4 0 0 0 0 4/6 6:26 0:00 0:00
Maxence Guenette 0 0 0 0 0 7 0 0 0 0 0/0 24:50 0:43 4:41
Nicholas Caamano 0 1 1 0 5 1 2 0 0 0 0/0 11:26 0:00 0:12
Oskari Laaksonen 0 1 1 3 2 1 1 0 0 1 0/0 20:11 0:46 4:19
Riley Nash 1 1 2 1 6 4 0 0 0 0 16/29 22:11 0:45 2:04
Roby Jarventie 0 0 0 -1 5 2 1 0 1 0 1/2 14:31 0:00 2:21
Players Stats for Havana Tropicals
Player Name G A P +/- PIM S H SB GA TA FO MP PP MP PK MP
------------------------------------------------------------------------------------
Alexander Nylander 0 1 1 -1 5 6 2 0 0 1 0/0 12:10 0:14 0:00
Chris Tierney 0 0 0 -1 0 0 1 0 0 0 4/6 8:08 0:03 0:00
Darren Raddysh 0 0 0 -1 0 0 3 2 0 0 0/0 14:17 1:13 0:00
Dennis Cholowski 0 0 0 -1 0 0 0 1 0 0 0/0 14:31 0:00 1:08
Elmer Soderblom 1 0 1 -1 5 3 0 0 0 0 0/1 10:59 0:00 0:00
Emil Bemstrom 0 0 0 -2 0 4 0 0 1 1 1/2 19:39 4:00 0:45
Kevin Gravel 0 0 0 0 0 1 1 0 0 0 0/0 19:58 5:28 1:08
Matt Irwin 0 0 0 0 9 0 2 1 0 0 0/0 17:26 4:15 0:00
Nick Abruzzese 0 0 0 1 0 0 0 0 0 0 0/0 6:21 1:41 0:00
Nolan Foote 0 0 0 -1 0 0 2 1 0 0 1/1 7:11 0:00 0:00
Pavel Dorofeyev 0 1 1 -1 0 3 4 0 1 0 1/8 13:26 0:54 0:00
Philipp Kurashev 0 0 0 -3 0 4 2 1 1 0 11/22 24:32 4:22 0:44
Pierre-edouard Bellemare 0 1 1 0 0 2 1 2 1 0 11/17 19:56 5:11 0:45
Samuel Blais 0 0 0 -1 5 1 2 1 1 0 0/2 17:13 4:04 0:00
Teddy Blueger 0 0 0 -2 0 1 3 1 1 0 0/2 19:42 4:05 0:44
Timothy Liljegren 0 0 0 -3 0 0 2 1 0 0 0/0 27:06 4:27 0:21
Zach Aston-Reese 1 0 1 0 0 3 0 0 0 1 0/0 19:11 5:11 0:00
Zach Whitecloud 0 0 0 -3 0 1 2 2 0 1 0/0 26:39 4:27 0:21
3 Stars
1 - Jack Drury (KEL)
2 - Jacob Perreault (KEL)
3 - Bobby McMann (KEL)
Power Play
Kelowna Rockets - 2 on 2 Attempt(s) - 100.00%
Havana Tropicals - 0 on 5 Attempt(s) - 0.00%
Penalty Kill
Kelowna Rockets - 5 on 5 Attempt(s) - 100.00%
- Score 0 goal in Penalty Kill
Havana Tropicals - 0 on 2 Attempt(s) - 0.00%
- Score 0 goal in Penalty Kill
Team Stat
Kelowna Rockets - Hits : 18 - Faceoff Wins : 32 - Blocked Shots : 7 - Penalty Minutes : 30
Havana Tropicals - Hits : 27 - Faceoff Wins : 29 - Blocked Shots : 13 - Penalty Minutes : 24
Official
Referees : Chris Rooney and Dave Jackson
Linesman : Brad Lazarowich and Shandor Alphonso
Game Notes
Nicholas Caamano beats up Elmer Soderblom at 1:22 of 1st period
Alexander Nylander beats up Connor Zary at 10:37 of 2nd period
Samuel Blais beats up Jasper Weatherby at 11:18 of 2nd period
Roby Jarventie beats up Matt Irwin at 18:07 of 2nd period
Jacob Perreault has scored a Hat Trick!
17:47 of 3rd period - Havana Tropicals goal is going for a video replay. After video review, Goal.
Kelowna Rockets
5 vs 5 Forward
Center Left Wing Right Wing Time % Phy DF OF
1 Riley Nash Matias Maccelli Joel Kiviranta 30 1 2 2
2 Jack Drury Bobby McMann Jacob Perreault 30 1 2 2
3 Connor Zary Roby Jarventie Nicholas Caamano 25 1 2 2
4 Mavrik Bourque Riley Nash Matias Maccelli 15 1 2 2
5 vs 5 Defense
Defense Defense Time % Phy DF OF
1 Maxence Guenette Anttoni Honka 30 1 2 2
2 Lucas Johansen Oskari Laaksonen 30 1 2 2
3 Eemil Viro Kim Nousiainen 25 1 2 2
4 Maxence Guenette Anttoni Honka 15 1 2 2
PowerPlay Forward
Center Left Wing Right Wing Time % Phy DF OF
1 Riley Nash Matias Maccelli Joel Kiviranta 50 1 2 2
2 Jack Drury Bobby McMann Jacob Perreault 50 1 2 2
PowerPlay Defense
Defense Defense Time % Phy DF OF
1 Maxence Guenette Anttoni Honka 50 1 2 2
2 Lucas Johansen Oskari Laaksonen 50 1 2 2
Penalty Kill 4 Players Forward
Center Wing Time % Phy DF OF
1 Riley Nash Matias Maccelli 50 1 2 2
2 Joel Kiviranta Bobby McMann 50 1 2 2
Penalty Kill 4 Players Defense
Defense Defense Time % Phy DF OF
1 Maxence Guenette Anttoni Honka 50 1 2 2
2 Lucas Johansen Oskari Laaksonen 50 1 2 2
Penalty Kill - 3 Players Forward
Forward Time % Phy DF OF
1 Riley Nash 50 1 2 2
2 Matias Maccelli 50 1 2 2
Penalty Kill - 3 Players Defense
Defense Defense Time % Phy DF OF
1 Maxence Guenette Anttoni Honka 50 1 2 2
2 Lucas Johansen Oskari Laaksonen 50 1 2 2
4 vs 4 Forward
Center Wing Time % Phy DF OF
1 Riley Nash Matias Maccelli 50 1 2 2
2 Joel Kiviranta Bobby McMann 50 1 2 2
4 vs 4 Defense
Defense Defense Time % Phy DF OF
1 Maxence Guenette Anttoni Honka 50 1 2 2
2 Lucas Johansen Oskari Laaksonen 50 1 2 2
Last Minutes Offensive
Center Left Wing Right Wing Defense Defense
Riley Nash Matias Maccelli Joel Kiviranta Maxence Guenette Anttoni Honka
Last Minutes Defensive
Center Left Wing Right Wing Defense Defense
Riley Nash Matias Maccelli Joel Kiviranta Maxence Guenette Anttoni Honka
Goaltenders
Starting : Arvid Holm
Backup : Oscar Dansk
Extra Forwards
Normal : Jasper Weatherby, Henri Nikkanen, Roby Jarventie - PP : Jasper Weatherby, Henri Nikkanen - PK : Roby Jarventie
Extra Defensemen
Normal : Eemil Viro, Kim Nousiainen, Lucas Johansen - PP : Eemil Viro - PK : Kim Nousiainen, Lucas Johansen
Penalty Shots
Riley Nash, Matias Maccelli, Joel Kiviranta, Bobby McMann, Roby Jarventie
Havana Tropicals
5 vs 5 Forward
Center Left Wing Right Wing Time % Phy DF OF
1 Philipp Kurashev Teddy Blueger Emil Bemstrom 30 1 2 2
2 Pierre-edouard Bellemare Samuel Blais Zach Aston-Reese 30 1 2 2
3 Pavel Dorofeyev Elmer Soderblom Alexander Nylander 25 1 2 2
4 Chris Tierney Nolan Foote Philipp Kurashev 15 1 2 2
5 vs 5 Defense
Defense Defense Time % Phy DF OF
1 Timothy Liljegren Zach Whitecloud 30 1 2 2
2 Matt Irwin Kevin Gravel 30 1 2 2
3 Darren Raddysh Dennis Cholowski 25 1 2 2
4 Timothy Liljegren Zach Whitecloud 15 1 2 2
PowerPlay Forward
Center Left Wing Right Wing Time % Phy DF OF
1 Philipp Kurashev Teddy Blueger Emil Bemstrom 50 1 2 2
2 Pierre-edouard Bellemare Samuel Blais Zach Aston-Reese 50 1 2 2
PowerPlay Defense
Defense Defense Time % Phy DF OF
1 Timothy Liljegren Zach Whitecloud 50 1 2 2
2 Matt Irwin Kevin Gravel 50 1 2 2
Penalty Kill 4 Players Forward
Center Wing Time % Phy DF OF
1 Philipp Kurashev Teddy Blueger 50 1 2 2
2 Pierre-edouard Bellemare Emil Bemstrom 50 1 2 2
Penalty Kill 4 Players Defense
Defense Defense Time % Phy DF OF
1 Timothy Liljegren Zach Whitecloud 50 1 2 2
2 Matt Irwin Kevin Gravel 50 1 2 2
Penalty Kill - 3 Players Forward
Forward Time % Phy DF OF
1 Philipp Kurashev 50 1 2 2
2 Teddy Blueger 50 1 2 2
Penalty Kill - 3 Players Defense
Defense Defense Time % Phy DF OF
1 Timothy Liljegren Zach Whitecloud 50 1 2 2
2 Matt Irwin Kevin Gravel 50 1 2 2
4 vs 4 Forward
Center Wing Time % Phy DF OF
1 Philipp Kurashev Teddy Blueger 50 1 2 2
2 Pierre-edouard Bellemare Emil Bemstrom 50 1 2 2
4 vs 4 Defense
Defense Defense Time % Phy DF OF
1 Timothy Liljegren Zach Whitecloud 50 1 2 2
2 Matt Irwin Kevin Gravel 50 1 2 2
Last Minutes Offensive
Center Left Wing Right Wing Defense Defense
Philipp Kurashev Teddy Blueger Emil Bemstrom Timothy Liljegren Zach Whitecloud
Last Minutes Defensive
Center Left Wing Right Wing Defense Defense
Philipp Kurashev Teddy Blueger Emil Bemstrom Timothy Liljegren Zach Whitecloud
Goaltenders
Starting : Unknown Goalie
Backup : Unknown Goalie
Extra Forwards
Normal : Nick Abruzzese, Pavel Dorofeyev, Chris Tierney - PP : Nick Abruzzese, Pavel Dorofeyev - PK : Chris Tierney
Extra Defensemen
Normal : Darren Raddysh, Dennis Cholowski, Matt Irwin - PP : Darren Raddysh - PK : Dennis Cholowski, Matt Irwin
Penalty Shots
Philipp Kurashev, Teddy Blueger, Pierre-edouard Bellemare, Emil Bemstrom, Samuel Blais
% Time on Ice - Kelowna Rockets
Lines # - Real PCT - Wanted PCT - Time Play
Normal Forward
1 - 28% - 30% - 13:50
2 - 33% - 30% - 15:50
3 - 26% - 25% - 12:30
4 - 13% - 15% - 6:26
Normal Defense
1 - 30% - 30% - 14:34
2 - 31% - 30% - 15:07
3 - 27% - 25% - 12:58
4 - 12% - 15% - 5:57
PP Forward
1 - 51% - 50% - 0:45
2 - 49% - 50% - 0:44
PP Defense
1 - 48% - 50% - 0:43
2 - 52% - 50% - 0:46
PK Forward
1 - 56% - 50% - 5:34
2 - 44% - 50% - 4:21
PK Defense
1 - 50% - 50% - 4:55
2 - 50% - 50% - 5:00
PK3 Forward
1 - 0% - 50%
2 - 0% - 50%
PK3 Defense
1 - 0% - 50%
2 - 0% - 50%
44 Forward
1 - 0% - 50%
2 - 0% - 50%
44 Defense
1 - 0% - 50%
2 - 0% - 50%
Last Minute Offensive - 0:00
Last Minute Defensive - 0:00
Total
Forward - 60:00
Defense - 60:00
|
% Time on Ice - Havana Tropicals
Lines # - Real PCT - Wanted PCT - Time Play
Normal Forward
1 - 31% - 30% - 14:55
2 - 29% - 30% - 14:00
3 - 26% - 25% - 12:30
4 - 15% - 15% - 7:11
Normal Defense
1 - 30% - 30% - 14:42
2 - 29% - 30% - 14:18
3 - 26% - 25% - 12:27
4 - 15% - 15% - 7:09
PP Forward
1 - 45% - 50% - 4:27
2 - 55% - 50% - 5:28
PP Defense
1 - 45% - 50% - 4:27
2 - 55% - 50% - 5:28
PK Forward
1 - 49% - 50% - 0:44
2 - 51% - 50% - 0:45
PK Defense
1 - 24% - 50% - 0:21
2 - 76% - 50% - 1:08
PK3 Forward
1 - 0% - 50%
2 - 0% - 50%
PK3 Defense
1 - 0% - 50%
2 - 0% - 50%
44 Forward
1 - 0% - 50%
2 - 0% - 50%
44 Defense
1 - 0% - 50%
2 - 0% - 50%
Last Minute Offensive - 0:00
Last Minute Defensive - 0:00
Total
Forward - 60:00
Defense - 60:00
|
Play-by-Play
1st period
0:01 of 1st period - Riley Nash wins face-off versus Philipp Kurashev in neutral zone.
0:06 of 1st period - Wrist shot by Riley Nash.
0:06 of 1st period - Stopped by Unknown Goalie with a rebound.
0:37 of 1st period - Wrist shot by Zach Aston-Reese.
0:37 of 1st period - Stopped by Arvid Holm without a rebound.
0:38 of 1st period - Connor Zary wins face-off versus Elmer Soderblom in Kelowna Rockets zone.
0:44 of 1st period - Wrist shot by Pavel Dorofeyev.
0:44 of 1st period - Shot Blocked by Kim Nousiainen.
0:46 of 1st period - Wrist shot by Matt Irwin.
0:46 of 1st period - Deflect By Pavel Dorofeyev.
0:46 of 1st period - Stopped by Arvid Holm without a rebound.
0:47 of 1st period - Roby Jarventie wins face-off versus Pavel Dorofeyev in Kelowna Rockets zone.
1:03 of 1st period - Connor Zary is hit by Matt Irwin.
1:22 of 1st period - Nicholas Caamano beats up Elmer Soderblom.
1:22 of 1st period - Penalty to Elmer Soderblom for Fighting.
1:22 of 1st period - Penalty to Nicholas Caamano for Fighting.
1:23 of 1st period - Chris Tierney wins face-off versus Mavrik Bourque in Havana Tropicals zone.
1:23 of 1st period - Chris Tierney is hit by Matias Maccelli.
1:35 of 1st period - Off-side.
1:36 of 1st period - Pierre-edouard Bellemare wins face-off versus Jack Drury in neutral zone.
1:39 of 1st period - Slapshot by Pierre-edouard Bellemare.
1:39 of 1st period - Shot Misses the Net.
2:03 of 1st period - Matias Maccelli is hit by Zach Whitecloud and loses puck.
2:35 of 1st period - Alexander Nylander is hit by Jasper Weatherby.
2:53 of 1st period - Riley Nash is hit by Philipp Kurashev and loses puck.
5:21 of 1st period - Wrist shot by Alexander Nylander.
5:21 of 1st period - Stopped by Arvid Holm with a rebound.
5:49 of 1st period - Riley Nash is hit by Darren Raddysh and loses puck.
6:10 of 1st period - Jacob Perreault is hit by Samuel Blais and loses puck.
7:11 of 1st period - Nicholas Caamano is hit by Darren Raddysh and loses puck.
7:28 of 1st period - Riley Nash is hit by Pavel Dorofeyev and loses puck.
7:55 of 1st period - Bobby McMann is hit by Nolan Foote and loses puck.
8:00 of 1st period - Snap shot by Nolan Foote.
8:00 of 1st period - Shot Misses the Net.
8:02 of 1st period - Snap shot by Timothy Liljegren.
8:02 of 1st period - Shot Misses the Net.
8:30 of 1st period - Slapshot by Mavrik Bourque.
8:30 of 1st period - Stopped by Unknown Goalie without a rebound.
8:31 of 1st period - Connor Zary wins face-off versus Pierre-edouard Bellemare in Havana Tropicals zone.
8:58 of 1st period - Bobby McMann is hit by Timothy Liljegren and loses puck.
10:07 of 1st period - Bobby McMann is hit by Pavel Dorofeyev and loses puck.
10:27 of 1st period - Icing by Philipp Kurashev.
10:28 of 1st period - Chris Tierney wins face-off versus Connor Zary in Havana Tropicals zone.
12:41 of 1st period - Slapshot by Zach Aston-Reese.
12:41 of 1st period - Stopped by Arvid Holm with a rebound.
13:17 of 1st period - Wrist shot by Alexander Nylander.
13:17 of 1st period - Shot Misses the Net.
13:19 of 1st period - Snap shot by Kevin Gravel.
13:19 of 1st period - Stopped by Arvid Holm with a rebound.
13:50 of 1st period - Icing by Pierre-edouard Bellemare.
13:51 of 1st period - Riley Nash wins face-off versus Pierre-edouard Bellemare in Havana Tropicals zone.
14:14 of 1st period - Icing by Darren Raddysh.
14:15 of 1st period - Pavel Dorofeyev wins face-off versus Riley Nash in Havana Tropicals zone.
14:22 of 1st period - Matias Maccelli is hit by Alexander Nylander and loses puck.
14:36 of 1st period - Icing by Eemil Viro.
14:37 of 1st period - Riley Nash wins face-off versus Philipp Kurashev in Kelowna Rockets zone.
14:42 of 1st period - Zach Whitecloud is hit by Joel Kiviranta and loses puck.
15:23 of 1st period - Nicholas Caamano is hit by Pavel Dorofeyev and loses puck.
15:30 of 1st period - Snap shot by Pavel Dorofeyev.
15:30 of 1st period - Stopped by Arvid Holm without a rebound.
15:31 of 1st period - Philipp Kurashev wins face-off versus Jack Drury in Kelowna Rockets zone.
15:52 of 1st period - Minor Penalty to Anttoni Honka for Holding Stick.
15:53 of 1st period - Riley Nash wins face-off versus Philipp Kurashev in Kelowna Rockets zone.
16:00 of 1st period - Matias Maccelli is hit by Teddy Blueger and loses puck.
16:26 of 1st period - Bobby McMann is hit by Matt Irwin.
16:38 of 1st period - Joel Kiviranta is hit by Teddy Blueger and loses puck.
17:45 of 1st period - Timothy Liljegren is hit by Nicholas Caamano and loses puck.
17:52 of 1st period - Penalty to Anttoni Honka is over, Anttoni Honka is back on ice.
17:54 of 1st period - Snap shot by Roby Jarventie.
17:54 of 1st period - Shot Misses the Net.
18:11 of 1st period - Snap shot by Elmer Soderblom.
18:11 of 1st period - Shot Misses the Net.
18:21 of 1st period - Slapshot by Alexander Nylander.
18:21 of 1st period - Shot Misses the Net.
19:08 of 1st period - Slapshot by Jacob Perreault.
19:08 of 1st period - Deflect By Jack Drury.
19:08 of 1st period - Shot Misses the Net.
19:08 of 1st period - Puck is out of play.
19:09 of 1st period - Jack Drury wins face-off versus Pavel Dorofeyev in Havana Tropicals zone.
19:10 of 1st period - Snap shot by Jacob Perreault.
19:10 of 1st period - Goal by Jacob Perreault - Kelowna Rockets : 1 - Havana Tropicals : 0.
19:11 of 1st period - Emil Bemstrom wins face-off versus Riley Nash in neutral zone.
19:24 of 1st period - Backhand shot by Riley Nash.
19:24 of 1st period - Shot Misses the Net.
19:26 of 1st period - Wrist shot by Anttoni Honka.
19:26 of 1st period - Deflect By Philipp Kurashev.
19:26 of 1st period - Stopped by Unknown Goalie without a rebound.
19:27 of 1st period - Pierre-edouard Bellemare wins face-off versus Jacob Perreault in Havana Tropicals zone.
19:32 of 1st period - Slapshot by Jacob Perreault.
19:32 of 1st period - Deflect By Zach Aston-Reese.
19:32 of 1st period - Shot Misses the Net.
19:32 of 1st period - Puck is out of play.
19:33 of 1st period - Pierre-edouard Bellemare wins face-off versus Jack Drury in Havana Tropicals zone.
19:50 of 1st period - Zach Whitecloud is hit by Jack Drury and loses puck.
19:55 of 1st period - Snap shot by Jack Drury.
19:55 of 1st period - Stopped by Unknown Goalie with a rebound.
19:57 of 1st period - Wrist shot by Jacob Perreault.
19:57 of 1st period - Goal by Jacob Perreault - Kelowna Rockets : 2 - Havana Tropicals : 0.
19:58 of 1st period - Joel Kiviranta wins face-off versus Philipp Kurashev in neutral zone.
Goals for this period are 2 for Kelowna Rockets vs 0 for Havana Tropicals.
Shots for this period are 6 for Kelowna Rockets vs 6 for Havana Tropicals.
2nd period
0:01 of 2nd period - Riley Nash wins face-off versus Philipp Kurashev in neutral zone.
0:23 of 2nd period - Icing by Zach Whitecloud.
0:24 of 2nd period - Pierre-edouard Bellemare wins face-off versus Connor Zary in Havana Tropicals zone.
0:36 of 2nd period - Slapshot by Connor Zary.
0:36 of 2nd period - Stopped by Unknown Goalie with a rebound.
1:00 of 2nd period - Snap shot by Emil Bemstrom.
1:00 of 2nd period - Shot Misses the Net.
1:02 of 2nd period - Slapshot by Philipp Kurashev.
1:02 of 2nd period - Deflect By Matias Maccelli.
1:02 of 2nd period - Stopped by Arvid Holm without a rebound.
1:03 of 2nd period - Jack Drury wins face-off versus Pavel Dorofeyev in Kelowna Rockets zone.
1:52 of 2nd period - Snap shot by Roby Jarventie.
1:52 of 2nd period - Stopped by Unknown Goalie with a rebound.
2:08 of 2nd period - Backhand shot by Jack Drury.
2:08 of 2nd period - Stopped by Unknown Goalie with a rebound.
2:28 of 2nd period - Wrist shot by Alexander Nylander.
2:28 of 2nd period - Stopped by Arvid Holm with a rebound.
3:10 of 2nd period - Oskari Laaksonen is hit by Alexander Nylander and loses puck.
3:25 of 2nd period - Joel Kiviranta is hit by Nolan Foote and loses puck.
4:20 of 2nd period - Nolan Foote is hit by Joel Kiviranta and loses puck.
4:34 of 2nd period - Slapshot by Zach Whitecloud.
4:34 of 2nd period - Shot Blocked by Kim Nousiainen.
4:42 of 2nd period - Timothy Liljegren is hit by Joel Kiviranta and loses puck.
4:51 of 2nd period - Wrist shot by Riley Nash.
4:51 of 2nd period - Shot Blocked by Nolan Foote.
4:53 of 2nd period - Slapshot by Matias Maccelli.
4:53 of 2nd period - Shot Misses the Net.
4:55 of 2nd period - Snap shot by Riley Nash.
4:55 of 2nd period - Goal by Riley Nash - Kelowna Rockets : 3 - Havana Tropicals : 0.
4:56 of 2nd period - Jack Drury wins face-off versus Pierre-edouard Bellemare in neutral zone.
5:07 of 2nd period - Snap shot by Jack Drury.
5:07 of 2nd period - Shot Blocked by Pierre-edouard Bellemare.
5:21 of 2nd period - Alexander Nylander is hit by Roby Jarventie and loses puck.
5:30 of 2nd period - Slapshot by Elmer Soderblom.
5:30 of 2nd period - Stopped by Arvid Holm with a rebound.
5:50 of 2nd period - Nicholas Caamano is hit by Teddy Blueger and loses puck.
6:01 of 2nd period - Slapshot by Teddy Blueger.
6:01 of 2nd period - Shot Misses the Net.
6:29 of 2nd period - Connor Zary is hit by Pavel Dorofeyev and loses puck.
6:36 of 2nd period - Snap shot by Alexander Nylander.
6:36 of 2nd period - Shot Misses the Net.
6:38 of 2nd period - Wrist shot by Alexander Nylander.
6:38 of 2nd period - Stopped by Arvid Holm with a rebound.
7:00 of 2nd period - Snap shot by Mavrik Bourque.
7:00 of 2nd period - Stopped by Unknown Goalie with a rebound.
7:02 of 2nd period - Slapshot by Maxence Guenette.
7:02 of 2nd period - Stopped by Unknown Goalie without a rebound.
7:03 of 2nd period - Mavrik Bourque wins face-off versus Pavel Dorofeyev in Havana Tropicals zone.
7:06 of 2nd period - Wrist shot by Mavrik Bourque.
7:06 of 2nd period - Stopped by Unknown Goalie with a rebound.
7:48 of 2nd period - Snap shot by Emil Bemstrom.
7:48 of 2nd period - Stopped by Arvid Holm with a rebound.
7:56 of 2nd period - Wrist shot by Jack Drury.
7:56 of 2nd period - Stopped by Unknown Goalie with a rebound.
7:58 of 2nd period - Snap shot by Bobby McMann.
7:58 of 2nd period - Stopped by Unknown Goalie with a rebound.
8:10 of 2nd period - Slapshot by Roby Jarventie.
8:10 of 2nd period - Shot Misses the Net.
8:12 of 2nd period - Slapshot by Connor Zary.
8:12 of 2nd period - Shot Misses the Net.
8:14 of 2nd period - Snap shot by Roby Jarventie.
8:14 of 2nd period - Stopped by Unknown Goalie with a rebound.
8:16 of 2nd period - Snap shot by Oskari Laaksonen.
8:16 of 2nd period - Stopped by Unknown Goalie with a rebound.
8:28 of 2nd period - Snap shot by Alexander Nylander.
8:28 of 2nd period - Shot Misses the Net.
8:30 of 2nd period - Slapshot by Timothy Liljegren.
8:30 of 2nd period - Shot Misses the Net.
8:33 of 2nd period - Icing by Riley Nash.
8:34 of 2nd period - Riley Nash wins face-off versus Pierre-edouard Bellemare in Kelowna Rockets zone.
8:59 of 2nd period - Slapshot by Elmer Soderblom.
8:59 of 2nd period - Stopped by Arvid Holm without a rebound.
9:00 of 2nd period - Jack Drury wins face-off versus Pavel Dorofeyev in Kelowna Rockets zone.
9:04 of 2nd period - Icing by Bobby McMann.
9:05 of 2nd period - Philipp Kurashev wins face-off versus Jack Drury in Kelowna Rockets zone.
9:06 of 2nd period - Slapshot by Emil Bemstrom.
9:06 of 2nd period - Stopped by Arvid Holm with a rebound.
9:16 of 2nd period - Snap shot by Jacob Perreault.
9:16 of 2nd period - Shot Blocked by Philipp Kurashev.
9:18 of 2nd period - Wrist shot by Bobby McMann.
9:18 of 2nd period - Shot Misses the Net.
9:20 of 2nd period - Backhand shot by Maxence Guenette.
9:20 of 2nd period - Deflect By Philipp Kurashev.
9:20 of 2nd period - Stopped by Unknown Goalie with a rebound.
9:28 of 2nd period - Snap shot by Jacob Perreault.
9:28 of 2nd period - Shot Misses the Net.
9:30 of 2nd period - Slapshot by Anttoni Honka.
9:30 of 2nd period - Shot Misses the Net.
9:32 of 2nd period - Snap shot by Jacob Perreault.
9:32 of 2nd period - Shot Blocked by Darren Raddysh.
9:42 of 2nd period - Snap shot by Philipp Kurashev.
9:42 of 2nd period - Shot Misses the Net.
10:02 of 2nd period - Slapshot by Jacob Perreault.
10:02 of 2nd period - Stopped by Unknown Goalie with a rebound.
10:04 of 2nd period - Slapshot by Jack Drury.
10:04 of 2nd period - Goal by Jack Drury - Kelowna Rockets : 4 - Havana Tropicals : 0.
10:05 of 2nd period - Pierre-edouard Bellemare wins face-off versus Riley Nash in neutral zone.
10:37 of 2nd period - Alexander Nylander beats up Connor Zary.
10:37 of 2nd period - Penalty to Alexander Nylander for Fighting.
10:37 of 2nd period - Penalty to Connor Zary for Fighting.
10:38 of 2nd period - Mavrik Bourque wins face-off versus Philipp Kurashev in Kelowna Rockets zone.
10:43 of 2nd period - Slapshot by Anttoni Honka.
10:43 of 2nd period - Goal by Anttoni Honka - Kelowna Rockets : 5 - Havana Tropicals : 0.
10:44 of 2nd period - Mavrik Bourque wins face-off versus Emil Bemstrom in neutral zone.
10:53 of 2nd period - Slapshot by Matias Maccelli.
10:53 of 2nd period - Shot Misses the Net.
10:59 of 2nd period - Slapshot by Riley Nash.
10:59 of 2nd period - Stopped by Unknown Goalie with a rebound.
11:18 of 2nd period - Samuel Blais beats up Jasper Weatherby.
11:18 of 2nd period - Penalty to Samuel Blais for Fighting.
11:18 of 2nd period - Penalty to Jasper Weatherby for Fighting.
11:19 of 2nd period - Riley Nash wins face-off versus Teddy Blueger in Kelowna Rockets zone.
11:28 of 2nd period - Matias Maccelli is hit by Philipp Kurashev and loses puck.
11:33 of 2nd period - Snap shot by Emil Bemstrom.
11:33 of 2nd period - Shot Misses the Net.
11:35 of 2nd period - Slapshot by Teddy Blueger.
11:35 of 2nd period - Stopped by Arvid Holm without a rebound.
11:36 of 2nd period - Pierre-edouard Bellemare wins face-off versus Henri Nikkanen in Kelowna Rockets zone.
11:41 of 2nd period - Wrist shot by Pierre-edouard Bellemare.
11:41 of 2nd period - Stopped by Arvid Holm with a rebound.
11:43 of 2nd period - Slapshot by Zach Aston-Reese.
11:43 of 2nd period - Goal by Zach Aston-Reese - Kelowna Rockets : 5 - Havana Tropicals : 1.
11:44 of 2nd period - Philipp Kurashev wins face-off versus Riley Nash in neutral zone.
11:47 of 2nd period - Slapshot by Emil Bemstrom.
11:47 of 2nd period - Shot Misses the Net.
11:49 of 2nd period - Minor Penalty to Riley Nash for Hooking.
11:50 of 2nd period - Pierre-edouard Bellemare wins face-off versus Roby Jarventie in Kelowna Rockets zone.
12:00 of 2nd period - Off-side.
12:01 of 2nd period - Joel Kiviranta wins face-off versus Pierre-edouard Bellemare in neutral zone.
13:42 of 2nd period - Matias Maccelli is hit by Timothy Liljegren and loses puck.
13:49 of 2nd period - Penalty to Riley Nash is over, Riley Nash is back on ice.
14:06 of 2nd period - Icing by Henri Nikkanen.
14:07 of 2nd period - Chris Tierney wins face-off versus Henri Nikkanen in Kelowna Rockets zone.
14:08 of 2nd period - Wrist shot by Philipp Kurashev.
14:08 of 2nd period - Stopped by Arvid Holm without a rebound.
14:09 of 2nd period - Chris Tierney wins face-off versus Riley Nash in Kelowna Rockets zone.
14:24 of 2nd period - Wrist shot by Nicholas Caamano.
14:24 of 2nd period - Stopped by Unknown Goalie without a rebound.
14:25 of 2nd period - Pierre-edouard Bellemare wins face-off versus Riley Nash in Havana Tropicals zone.
15:08 of 2nd period - Icing by Timothy Liljegren.
15:09 of 2nd period - Philipp Kurashev wins face-off versus Henri Nikkanen in Havana Tropicals zone.
15:14 of 2nd period - Snap shot by Roby Jarventie.
15:14 of 2nd period - Shot Blocked by Timothy Liljegren.
15:16 of 2nd period - Slapshot by Maxence Guenette.
15:16 of 2nd period - Shot Blocked by Zach Whitecloud.
15:18 of 2nd period - Snap shot by Maxence Guenette.
15:18 of 2nd period - Stopped by Unknown Goalie with a rebound.
15:20 of 2nd period - Snap shot by Roby Jarventie.
15:20 of 2nd period - Shot Blocked by Zach Whitecloud.
15:38 of 2nd period - Wrist shot by Elmer Soderblom.
15:38 of 2nd period - Shot Misses the Net.
15:57 of 2nd period - Minor Penalty to Matt Irwin for Hooking.
15:58 of 2nd period - Riley Nash wins face-off versus Philipp Kurashev in Havana Tropicals zone.
16:13 of 2nd period - Teddy Blueger is hit by Lucas Johansen.
16:18 of 2nd period - Penalty to Samuel Blais is over, Samuel Blais is back on ice.
16:23 of 2nd period - Kevin Gravel is hit by Jack Drury and loses puck.
16:45 of 2nd period - Icing by Maxence Guenette.
16:46 of 2nd period - Philipp Kurashev wins face-off versus Riley Nash in Kelowna Rockets zone.
17:16 of 2nd period - Snap shot by Bobby McMann.
17:16 of 2nd period - Shot Misses the Net.
17:18 of 2nd period - Snap shot by Bobby McMann.
17:18 of 2nd period - Deflect By Jack Drury.
17:18 of 2nd period - Goal by Jack Drury - Kelowna Rockets : 6 - Havana Tropicals : 1.
17:19 of 2nd period - Philipp Kurashev wins face-off versus Riley Nash in neutral zone.
17:22 of 2nd period - Slapshot by Philipp Kurashev.
17:22 of 2nd period - Stopped by Arvid Holm without a rebound.
17:23 of 2nd period - Philipp Kurashev wins face-off versus Riley Nash in Kelowna Rockets zone.
17:52 of 2nd period - Backhand shot by Bobby McMann.
17:52 of 2nd period - Shot Blocked by Matt Irwin.
17:54 of 2nd period - Snap shot by Eemil Viro.
17:54 of 2nd period - Shot Misses the Net.
17:56 of 2nd period - Snap shot by Bobby McMann.
17:56 of 2nd period - Stopped by Unknown Goalie with a rebound.
18:07 of 2nd period - Roby Jarventie beats up Matt Irwin.
18:07 of 2nd period - Penalty to Matt Irwin for Fighting.
18:07 of 2nd period - Penalty to Roby Jarventie for Fighting.
18:08 of 2nd period - Philipp Kurashev wins face-off versus Mavrik Bourque in neutral zone.
18:17 of 2nd period - Slapshot by Zach Whitecloud.
18:17 of 2nd period - Shot Misses the Net.
19:11 of 2nd period - Slapshot by Anttoni Honka.
19:11 of 2nd period - Stopped by Unknown Goalie with a rebound.
19:13 of 2nd period - Slapshot by Jack Drury.
19:13 of 2nd period - Shot Misses the Net.
19:15 of 2nd period - Slapshot by Maxence Guenette.
19:15 of 2nd period - Stopped by Unknown Goalie with a rebound.
19:17 of 2nd period - Wrist shot by Jack Drury.
19:17 of 2nd period - Shot Blocked by Darren Raddysh.
19:19 of 2nd period - Snap shot by Bobby McMann.
19:19 of 2nd period - Stopped by Unknown Goalie with a rebound.
19:23 of 2nd period - Snap shot by Jack Drury.
19:23 of 2nd period - Stopped by Unknown Goalie with a rebound.
19:25 of 2nd period - Snap shot by Jack Drury.
19:25 of 2nd period - Shot Misses the Net.
19:27 of 2nd period - Snap shot by Anttoni Honka.
19:27 of 2nd period - Stopped by Unknown Goalie with a rebound.
19:29 of 2nd period - Wrist shot by Bobby McMann.
19:29 of 2nd period - Shot Blocked by Pierre-edouard Bellemare.
19:31 of 2nd period - Wrist shot by Jack Drury.
19:31 of 2nd period - Deflect By Jacob Perreault.
19:31 of 2nd period - Shot Misses the Net.
19:31 of 2nd period - Puck is out of play.
19:32 of 2nd period - Riley Nash wins face-off versus Philipp Kurashev in Havana Tropicals zone.
Goals for this period are 4 for Kelowna Rockets vs 1 for Havana Tropicals.
Shots for this period are 25 for Kelowna Rockets vs 12 for Havana Tropicals.
3rd period
0:01 of 3rd period - Philipp Kurashev wins face-off versus Riley Nash in neutral zone.
0:21 of 3rd period - Minor Penalty to Riley Nash for Boarding.
0:22 of 3rd period - Joel Kiviranta wins face-off versus Philipp Kurashev in Kelowna Rockets zone.
0:47 of 3rd period - Joel Kiviranta is hit by Darren Raddysh and loses puck.
1:14 of 3rd period - Zach Whitecloud is hit by Joel Kiviranta and loses puck.
2:21 of 3rd period - Penalty to Riley Nash is over, Riley Nash is back on ice.
2:55 of 3rd period - Snap shot by Jacob Perreault.
2:55 of 3rd period - Shot Blocked by Dennis Cholowski.
2:57 of 3rd period - Slapshot by Kim Nousiainen.
2:57 of 3rd period - Shot Misses the Net.
3:30 of 3rd period - Pavel Dorofeyev is hit by Jack Drury and loses puck.
3:43 of 3rd period - Pierre-edouard Bellemare is hit by Matias Maccelli and loses puck.
3:56 of 3rd period - Roby Jarventie is hit by Kevin Gravel and loses puck.
4:07 of 3rd period - Emil Bemstrom is hit by Joel Kiviranta and loses puck.
5:06 of 3rd period - Off-side.
5:07 of 3rd period - Nolan Foote wins face-off versus Jasper Weatherby in neutral zone.
5:09 of 3rd period - Off-side.
5:10 of 3rd period - Mavrik Bourque wins face-off versus Chris Tierney in neutral zone.
5:15 of 3rd period - Slapshot by Maxence Guenette.
5:15 of 3rd period - Stopped by Unknown Goalie with a rebound.
6:08 of 3rd period - Slapshot by Anttoni Honka.
6:08 of 3rd period - Stopped by Unknown Goalie with a rebound.
6:10 of 3rd period - Snap shot by Mavrik Bourque.
6:10 of 3rd period - Shot Misses the Net.
6:12 of 3rd period - Slapshot by Maxence Guenette.
6:12 of 3rd period - Deflect By Riley Nash.
6:12 of 3rd period - Stopped by Unknown Goalie with a rebound.
6:14 of 3rd period - Snap shot by Maxence Guenette.
6:14 of 3rd period - Shot Blocked by Teddy Blueger.
6:16 of 3rd period - Slapshot by Maxence Guenette.
6:16 of 3rd period - Stopped by Unknown Goalie with a rebound.
6:18 of 3rd period - Snap shot by Maxence Guenette.
6:18 of 3rd period - Stopped by Unknown Goalie with a rebound.
6:20 of 3rd period - Wrist shot by Mavrik Bourque.
6:20 of 3rd period - Stopped by Unknown Goalie without a rebound.
6:21 of 3rd period - Pierre-edouard Bellemare wins face-off versus Jack Drury in Havana Tropicals zone.
6:21 of 3rd period - Pierre-edouard Bellemare is hit by Jacob Perreault.
6:42 of 3rd period - Minor Penalty to Matt Irwin for High sticking.
6:43 of 3rd period - Jack Drury wins face-off versus Pierre-edouard Bellemare in Havana Tropicals zone.
6:50 of 3rd period - Snap shot by Jacob Perreault.
6:50 of 3rd period - Goal by Jacob Perreault - Kelowna Rockets : 7 - Havana Tropicals : 1.
6:51 of 3rd period - Riley Nash wins face-off versus Philipp Kurashev in neutral zone.
7:03 of 3rd period - Icing by Timothy Liljegren.
7:04 of 3rd period - Philipp Kurashev wins face-off versus Matias Maccelli in Havana Tropicals zone.
7:26 of 3rd period - Wrist shot by Emil Bemstrom.
7:26 of 3rd period - Stopped by Arvid Holm with a rebound.
8:04 of 3rd period - Backhand shot by Emil Bemstrom.
8:04 of 3rd period - Stopped by Arvid Holm with a rebound.
8:08 of 3rd period - Snap shot by Philipp Kurashev.
8:08 of 3rd period - Shot Misses the Net.
8:10 of 3rd period - Snap shot by Zach Whitecloud.
8:10 of 3rd period - Stopped by Arvid Holm with a rebound.
8:25 of 3rd period - Zach Whitecloud is hit by Jack Drury and loses puck.
9:10 of 3rd period - Wrist shot by Philipp Kurashev.
9:10 of 3rd period - Deflect By Teddy Blueger.
9:10 of 3rd period - Shot Blocked by Kim Nousiainen.
9:10 of 3rd period - Puck is out of play.
9:11 of 3rd period - Pierre-edouard Bellemare wins face-off versus Riley Nash in Kelowna Rockets zone.
9:37 of 3rd period - Minor Penalty to Oskari Laaksonen for Roughing.
9:38 of 3rd period - Pierre-edouard Bellemare wins face-off versus Riley Nash in Kelowna Rockets zone.
9:49 of 3rd period - Snap shot by Zach Aston-Reese.
9:49 of 3rd period - Shot Blocked by Anttoni Honka.
9:51 of 3rd period - Snap shot by Samuel Blais.
9:51 of 3rd period - Stopped by Arvid Holm without a rebound.
9:52 of 3rd period - Riley Nash wins face-off versus Samuel Blais in Kelowna Rockets zone.
11:06 of 3rd period - Snap shot by Alexander Nylander.
11:06 of 3rd period - Shot Misses the Net.
11:08 of 3rd period - Slapshot by Matt Irwin.
11:08 of 3rd period - Shot Blocked by Lucas Johansen.
11:10 of 3rd period - Snap shot by Pavel Dorofeyev.
11:10 of 3rd period - Stopped by Arvid Holm without a rebound.
11:11 of 3rd period - Riley Nash wins face-off versus Philipp Kurashev in Kelowna Rockets zone.
11:37 of 3rd period - Penalty to Oskari Laaksonen is over, Oskari Laaksonen is back on ice.
11:48 of 3rd period - Zach Whitecloud is hit by Oskari Laaksonen and loses puck.
11:53 of 3rd period - Snap shot by Connor Zary.
11:53 of 3rd period - Goal by Connor Zary - Kelowna Rockets : 8 - Havana Tropicals : 1.
11:54 of 3rd period - Riley Nash wins face-off versus Pavel Dorofeyev in neutral zone.
12:05 of 3rd period - Wrist shot by Riley Nash.
12:05 of 3rd period - Deflect By Joel Kiviranta.
12:05 of 3rd period - Shot Misses the Net.
12:05 of 3rd period - Puck is out of play.
12:06 of 3rd period - Riley Nash wins face-off versus Samuel Blais in Havana Tropicals zone.
12:13 of 3rd period - Snap shot by Riley Nash.
12:13 of 3rd period - Shot Blocked by Samuel Blais.
12:19 of 3rd period - Anttoni Honka is hit by Samuel Blais and loses puck.
12:59 of 3rd period - Pavel Dorofeyev is hit by Nicholas Caamano and loses puck.
13:16 of 3rd period - Jack Drury is hit by Chris Tierney and loses puck.
13:25 of 3rd period - Snap shot by Chris Tierney.
13:25 of 3rd period - Shot Blocked by Jack Drury.
14:36 of 3rd period - Snap shot by Nolan Foote.
14:36 of 3rd period - Shot Blocked by Lucas Johansen.
14:38 of 3rd period - Slapshot by Kevin Gravel.
14:38 of 3rd period - Shot Misses the Net.
14:40 of 3rd period - Snap shot by Philipp Kurashev.
14:40 of 3rd period - Stopped by Arvid Holm without a rebound.
14:41 of 3rd period - Riley Nash wins face-off versus Chris Tierney in Kelowna Rockets zone.
15:18 of 3rd period - Wrist shot by Alexander Nylander.
15:18 of 3rd period - Stopped by Arvid Holm with a rebound.
15:20 of 3rd period - Wrist shot by Elmer Soderblom.
15:20 of 3rd period - Deflect By Alexander Nylander.
15:20 of 3rd period - Stopped by Arvid Holm with a rebound.
15:22 of 3rd period - Snap shot by Darren Raddysh.
15:22 of 3rd period - Shot Misses the Net.
15:24 of 3rd period - Snap shot by Alexander Nylander.
15:24 of 3rd period - Stopped by Arvid Holm without a rebound.
15:25 of 3rd period - Philipp Kurashev wins face-off versus Riley Nash in Kelowna Rockets zone.
15:37 of 3rd period - Minor Penalty to Riley Nash for Holding.
15:38 of 3rd period - Joel Kiviranta wins face-off versus Teddy Blueger in Kelowna Rockets zone.
16:04 of 3rd period - Lucas Johansen is hit by Pierre-edouard Bellemare and loses puck.
17:37 of 3rd period - Penalty to Riley Nash is over, Riley Nash is back on ice.
17:45 of 3rd period - Wrist shot by Pavel Dorofeyev.
17:45 of 3rd period - Shot Misses the Net.
17:47 of 3rd period - Snap shot by Alexander Nylander.
17:47 of 3rd period - Deflect By Elmer Soderblom.
17:47 of 3rd period - Havana Tropicals goal is going for a video replay.
17:47 of 3rd period - The goal is good.
17:47 of 3rd period - Goal by Elmer Soderblom - Kelowna Rockets : 8 - Havana Tropicals : 2.
17:48 of 3rd period - Riley Nash wins face-off versus Pavel Dorofeyev in neutral zone.
17:57 of 3rd period - Snap shot by Riley Nash.
17:57 of 3rd period - Shot Hit the Post.
18:15 of 3rd period - Jacob Perreault is hit by Zach Whitecloud.
19:19 of 3rd period - Snap shot by Pierre-edouard Bellemare.
19:19 of 3rd period - Stopped by Arvid Holm with a rebound.
Goals for this period are 2 for Kelowna Rockets vs 1 for Havana Tropicals.
Shots for this period are 8 for Kelowna Rockets vs 11 for Havana Tropicals.
Back to the Top